 Dungeon Crawl Stone Soup version 0.22-a0-240-g539252a (webtiles) character file.

106 seren the Chopper (level 4, -3/42 HPs)
             Began as a Deep Dwarf Fighter on Feb 21, 2018.
             Slain by a gnoll
             ... wielding a +0 halberd
              (7 damage)
             ... on level 2 of the Dungeon.
             The game lasted 00:05:36 (1331 turns).

seren the Chopper (Deep Dwarf Fighter)              Turns: 1331, Time: 00:05:37

Health: -3/42      AC:  7    Str: 20    XL:     4   Next: 55%
Magic:  4/4        EV:  7    Int:  9    God:
Gold:   53         SH:  9    Dex: 12    Spells: 3/3 levels left

rFire    . . .     SeeInvis .   a - +0 war axe
rCold    . . .     Gourm    .   c - +0 shield
rNeg     . . .     Faith    .   b - +0 scale mail
rPois    .         Spirit   .   (no helmet)
rElec    .         Reflect  .   (no cloak)
rCorr    .         Harm     .   r - -1 pair of gloves (curse)
MR       .....                  (no boots)
Stlth    ..........             (no amulet)
HPRegen  0.00/turn              (no ring)
MPRegen  0.09/turn              (no ring)

@: non-regenerating
A: damage resistance, heal wounds, sense surroundings 1, no regeneration
a: Heal Wounds


You were on level 2 of the Dungeon.
You were not hungry.

You visited 1 branch of the dungeon, and saw 2 of its levels.

You collected 53 gold pieces.

Inventory:

Hand Weapons
 a - a +0 war axe (weapon)
 t - a +2 flail of venom
Armour
 b - a +0 scale mail (worn)
 c - a +0 shield (worn)
 p - a +0 buckler
 r - a cursed -1 pair of gloves (worn)
Jewellery
 s - an uncursed ring of magical power {unknown}
Scrolls
 h - a scroll of remove curse {unknown}
 i - 3 scrolls of identify {unknown}
 j - a scroll of magic mapping {unknown}
 l - a scroll of random uselessness {unknown}
 m - a scroll of teleportation {unknown}
 v - a scroll of fear {unknown}
 w - a scroll of enchant weapon {unknown}
Potions
 d - a potion of might
 e - 2 potions of flight {unknown}
 k - a potion of resistance {unknown}
 n - 2 potions of degeneration {unknown}
 o - a potion of heal wounds {unknown}
 q - a potion of curing {unknown}
 u - a potion of haste {unknown}
Comestibles
 f - 4 rations
 g - 8 chunks of flesh


   Skills:
 - Level 3.0 Fighting
 * Level 4.0 Axes
 + Level 3.9 Armour
 + Level 4.0 Shields


You had 3 spell levels left.
You didn't know any spells.

Dungeon Overview and Level Annotations

Branches:
Dungeon (2/15)

Altars:
Gozag


Innate Abilities, Weirdness & Mutations

You are resistant to damage.
You can heal yourself by infusing magical energy.
You passively map a small area around you.
You do not regenerate.


Message History

The gnoll hits you with a halberd.
You feel much better. Something hits you!
* * * LOW HITPOINT WARNING * * *
The gnoll hits you with a halberd.
You slash the gnoll!
You kill the gnoll!
Your Axes skill increases to level 4!
Your Shields skill increases to level 4!
Something hits you.
* * * LOW HITPOINT WARNING * * *
Okay, then.
Something completely misses you.
Things that are here:
a halberd; a gnoll corpse You hit something.
You block something's attack.
You hit something. You block something's attack.
You miss something. Something hits you.
* * * LOW HITPOINT WARNING * * *
Something hits you!
You die...

#.....).####.#.###..##...
#.##########.#.# #..######
#.#............# #..##... ,
#......##.....####..##.####
.......>..................#
#..#.#..#......#######.#..#
#....#..###...............#
....#...........###..#.#..#
#.#.............@{...#.#..#
#......####.#....#..รท#.#..#
............#....#...#.#..#
.############....#...#.#..#
.+..# #....#...#.#..# .##.#
#....#...#.#..### .##.#
##...#...#.#....# .##.#
#...#...#.#.##.# .##.#
#...#...#.#.##.#


There were no monsters in sight!

Vanquished Creatures
  An adder (D:2)
  3 gnolls (D:2)
  An ooze (D:1)
  3 worms (D:2)
  2 dart slugs (D:1)
  2 ball pythons (D:1)
  8 bats
  3 giant cockroaches (D:1)
  5 goblins
  8 hobgoblins
  9 kobolds
  A quokka (D:2)
  2 frilled lizards
  3 rats
51 creatures vanquished.

Notes
Turn   | Place    | Note
-------+----------+-------------------------------------------
     0 | D:1      | seren the Deep Dwarf Fighter began the quest for the Orb.
     0 | D:1      | Reached XP level 1. HP: 20/20 MP: 1/1
    76 | D:1      | Reached XP level 2. HP: 25/27 MP: 2/2
   285 | D:1      | Reached XP level 3. HP: 28/33 MP: 3/3
   946 | D:2      | Reached XP level 4. HP: 29/42 MP: 4/4
  1025 | D:2      | Found an opulent altar of Gozag.
  1331 | D:2      | Slain by a gnoll

Vault maps used:
D:1:      lightli_arrival_statuegarden
D:2:      first_ration, nicolae_gozag_seed_capital

Skill      XL: |  1  2  3  4 |
---------------+-------------+-----
Axes           | 3 4 |  4.0
Fighting       | 3 |  3.0
Shields        | 4 |  4.0
Armour         | |  3.9

Action                   |  1- 3 |  4- 6 || total
-------------------------+-------+-------++-------
Melee: War axe           |   126 |    36 ||   162
 Abil: Heal Wounds       |       |     1 ||     1
  Use: Potion            |       |     1 ||     1
  Eat: Chunk             |       |     2 ||     2
Armor: Scale mail        |    54 |    15 ||    69
Dodge: Dodged            |    38 |    14 ||    52
Block: Shield            |    69 |    21 ||    90

Table legend:
 A = Spawn XP
 B = Non-spawn XP
 C = Spawn XP percentage of total XP
 D = Spawn monster count
 E = Non-spawn monster count
 F = Spawn count percentage of total count
 G = Total turns spent on level
                    A         B        C        D         E        F      G
               +---------+---------+-------+---------+---------+-------+---------
         Total |       0 |     152 |   0.0 |       0 |      51 |   0.0 |  1331
               +---------+---------+-------+---------+---------+-------+---------
           D:1 |       0 |      56 |   0.0 |       0 |      28 |   0.0 |   647
           D:2 |       0 |      96 |   0.0 |       0 |      23 |   0.0 |   684
               +---------+---------+-------+---------+---------+-------+---------
